[Event "Lueneburg Open-B 2019"]
[Site "Lueneburg"]
[Date "2019.08.04"]
[Round "2.3"]
[White "Kolhoff, Manfred"]
[Black "Groth, Matthias"]
[Result "1-0"]
[ECO "D32"]
[WhiteElo "1616"]
[BlackElo "1737"]
[Annotator "NA"]
[PlyCount "55"]
[EventDate "2019.08.03"]
[EventType "swiss"]
[EventCountry "GER"]
[SourceTitle "playchess.com"]
[Source "ChessBase"]
[SourceQuality "1"]
[TimeControl "40/5400+30:1800+30"]

1. d4 d5 2. c4 e6 3. Nc3 c5 4. cxd5 exd5 5. Nf3 Nf6 6. Bg5 Be7 7. e3 O-O 8. Be2 Be6 9. O-O a6 10. a4 Nbd7 11. Rc1 Rc8 12. Ne5 Nxe5 13. dxe5 Ne8 14. Bxe7 Qxe7 15. Nxd5 Qh4 16. Nf4 Qg5 17. Nxe6 fxe6 18. f4 Qd8 19. Bg4 Qb6 20. Qd7 Rc6 21. f5 Nc7 22. fxe6 Nxe6 23. Bxe6+ Rxe6 24. Rxf8+ Kxf8 25. Rf1+ Kg8 26. Qc8+ Qd8 27. Qxd8+ Re8 28. Qxe8# 1-0

[Event "Lueneburg Open-B 2019"]
[Site "Lueneburg"]
[Date "2019.08.04"]
[Round "2.4"]
[White "Wiese, Uwe"]
[Black "Goldmann, David"]
[Result "1-0"]
[ECO "C54"]
[WhiteElo "1737"]
[BlackElo "1403"]
[Annotator "NA"]
[PlyCount "71"]
[EventDate "2019.08.03"]
[EventType "swiss"]
[EventCountry "GER"]
[SourceTitle "playchess.com"]
[Source "ChessBase"]
[SourceQuality "1"]
[TimeControl "40/5400+30:1800+30"]

1. e4 e5 2. Nf3 Nc6 3. Bc4 Bc5 4. c3 Nf6 5. d4 exd4 6. cxd4 Bb4+ 7. Bd2 Bxd2+ 8. Nbxd2 d5 9. exd5 Nxd5 10. Qb3 Nce7 11. O-O O-O 12. Rfe1 Nb6 13. Bd3 Nf5 14. Re4 Be6 15. Rxe6 fxe6 16. Qxe6+ Kh8 17. Bxf5 Re8 18. Qb3 Qf6 19. Bd3 Re7 20. Rc1 c6 21. Ne5 Qf4 22. Nef3 Rae8 23. Qc2 Qh6 24. Ne5 Nd5 25. a3 Nf4 26. Bc4 Rf8 27. Ndf3 Qf6 28. Re1 Rfe8 29. h3 Nd5 30. Bd3 g6 31. Bxg6 hxg6 32. Nxg6+ Kg7 33. Nxe7 Rxe7 34. Rxe7+ Nxe7 35. Qe4 Nf5 36. Qe5 1-0

[Event "Lueneburg Open-B 2019"]
[Site "Lueneburg"]
[Date "2019.08.04"]
[Round "2.5"]
[White "Seeber, Helmut"]
[Black "Thomas, Andreas"]
[Result "1-0"]
[ECO "B08"]
[WhiteElo "1580"]
[BlackElo "1726"]
[Annotator "NA"]
[PlyCount "57"]
[EventDate "2019.08.03"]
[EventType "swiss"]
[EventCountry "GER"]
[SourceTitle "playchess.com"]
[Source "ChessBase"]
[SourceQuality "1"]
[TimeControl "40/5400+30:1800+30"]

1. e4 g6 2. d4 Bg7 3. Nc3 Nf6 4. Nf3 O-O 5. Be2 d6 6. O-O e6 7. e5 dxe5 8. dxe5 Nd5 9. Bg5 Qd7 10. Ne4 f6 11. exf6 Nxf6 12. Nxf6+ Bxf6 13. Bxf6 Rxf6 14. Bc4 Kg7 15. Qe2 Nc6 16. Rad1 Qe7 17. Rfe1 Bd7 18. Rd2 Na5 19. Bb5 c6 20. Red1 Rd8 21. Ne5 Kg8 22. Rxd7 Rxd7 23. Rxd7 Qb4 24. Bd3 Qf4 25. Qe3 Qb4 26. b3 Qc3 27. Ng4 Rf8 28. Qxe6+ Kh8 29. Qe7 1-0

[Event "Lueneburg Open-B 2019"]
[Site "Lueneburg"]
[Date "2019.08.04"]
[Round "2.5"]
[White "Seeber, Helmut"]
[Black "Thomas, Andreas"]
[Result "*"]
[ECO "C54"]
[WhiteElo "1580"]
[BlackElo "1726"]
[Annotator "NA"]
[PlyCount "42"]
[EventDate "2019.08.03"]
[EventType "swiss"]
[EventCountry "GER"]
[SourceTitle "playchess.com"]
[Source "ChessBase"]
[SourceQuality "1"]
[TimeControl "40/5400+30:1800+30"]

1. e4 e5 2. Nf3 Nc6 3. Bc4 Bc5 4. c3 Nf6 5. d4 exd4 6. cxd4 Bb4+ 7. Bd2 Bxd2+ 8. Nbxd2 d5 9. exd5 Nxd5 10. Qb3 Nce7 11. O-O O-O 12. Rfe1 Nb6 13. Bd3 Nf5 14. Re4 Be6 15. Rxe6 fxe6 16. Qxe6+ Kh8 17. Bxf5 Re8 18. Qb3 Qf6 19. Bd3 Re7 20. Rc1 c6 21. Ne5 Qf4 *

[Event "Lueneburg Open-B 2019"]
[Site "Lueneburg"]
[Date "2019.08.04"]
[Round "2.7"]
[White "Rempe, Janne"]
[Black "Domschke, Stephan"]
[Result "0-1"]
[ECO "C42"]
[WhiteElo "1594"]
[BlackElo "1671"]
[Annotator "NA"]
[PlyCount "58"]
[EventDate "2019.08.03"]
[EventType "swiss"]
[EventCountry "GER"]
[SourceTitle "playchess.com"]
[Source "ChessBase"]
[SourceQuality "1"]
[TimeControl "40/5400+30:1800+30"]

1. e4 e5 2. Nf3 Nf6 3. Nxe5 d6 4. Nf3 Nxe4 5. Nc3 Nxc3 6. dxc3 Be7 7. Be3 O-O 8. Qd2 Nc6 9. Bd3 Re8 10. O-O-O Ne5 11. Nxe5 dxe5 12. h4 Be6 13. Kb1 c6 14. f3 Qa5 15. c4 Qa6 16. b3 Rad8 17. Qe1 f6 18. c5 Qa3 19. Qc3 a5 20. Qb2 Bxc5 21. Qxa3 Bxa3 22. g4 a4 23. g5 f5 24. h5 axb3 25. cxb3 f4 26. Bc1 Rxd3 27. Rxd3 Bf5 28. Bxa3 Bxd3+ 29. Kc1 Be2 0-1

[Event "Lueneburg Open-B 2019"]
[Site "Lueneburg"]
[Date "2019.08.04"]
[Round "2.7"]
[White "Rempe, Janne"]
[Black "Domschke, Stephan"]
[Result "*"]
[ECO "D02"]
[WhiteElo "1594"]
[BlackElo "1671"]
[Annotator "NA"]
[PlyCount "43"]
[EventDate "2019.08.03"]
[EventType "swiss"]
[EventCountry "GER"]
[SourceTitle "playchess.com"]
[Source "ChessBase"]
[SourceQuality "1"]
[TimeControl "40/5400+30:1800+30"]

1. d4 Nf6 2. Nf3 d5 3. Bf4 e6 4. e3 c5 5. c3 Nbd7 6. Nbd2 Be7 7. h3 Qb6 8. b3 Ne4 9. Qc2 f5 10. g4 O-O 11. gxf5 exf5 12. Rg1 cxd4 13. Nxd4 Nd6 14. Ne6 Rf7 15. c4 Nf6 16. c5 Qc6 17. Nd4 Qd7 18. cxd6 Bxd6 19. Bxd6 Qxd6 20. Nxf5 Bxf5 21. Qxf5 Ne4 22. Qh5 *

[Event "Lueneburg Open-B 2019"]
[Site "Lueneburg"]
[Date "2019.08.04"]
[Round "2.8"]
[White "Hinke, Gerhard"]
[Black "Buetow, Ingo"]
[Result "0-1"]
[ECO "B01"]
[WhiteElo "1476"]
[BlackElo "1747"]
[Annotator "NA"]
[PlyCount "88"]
[EventDate "2019.08.03"]
[EventType "swiss"]
[EventCountry "GER"]
[SourceTitle "playchess.com"]
[Source "ChessBase"]
[SourceQuality "1"]
[TimeControl "40/5400+30:1800+30"]

1. e4 d5 2. exd5 Qxd5 3. Nc3 Qd6 4. d4 Nf6 5. Bc4 c6 6. Nge2 Bf5 7. Bf4 Qb4 8. O-O Qxc4 9. b3 Qb4 10. a3 Qb6 11. Ng3 Bg6 12. h4 h6 13. Re1 Na6 14. Qf3 Qd8 15. Be5 e6 16. h5 Bxc2 17. Re2 Bxb3 18. Rb1 Bd5 19. Nxd5 Qxd5 20. Rxb7 Qxf3 21. gxf3 Nd7 22. Rc2 Nxe5 23. dxe5 c5 24. Ne4 Be7 25. f4 f5 26. exf6 gxf6 27. Re2 Rg8+ 28. Kf1 Rb8 29. Reb2 Rxb7 30. Rxb7 f5 31. Nc3 Bf6 32. Nb5 Rg7 33. Rxa7 Rxa7 34. Nxa7 Kd7 35. Ke2 Kc7 36. Nb5+ Kb6 37. a4 Nc7 38. Nxc7 Kxc7 39. Kd3 Bd4 40. f3 Kb6 41. Kc4 Ka5 42. Kb3 Be3 43. Ka3 Bxf4 44. Kb3 Be3 0-1

[Event "Lueneburg Open-B 2019"]
[Site "Lueneburg"]
[Date "2019.08.04"]
[Round "2.9"]
[White "Neumann, Lutz"]
[Black "Rempe, Mieke"]
[Result "0-1"]
[ECO "B17"]
[WhiteElo "1784"]
[BlackElo "1558"]
[Annotator "NA"]
[PlyCount "120"]
[EventDate "2019.08.03"]
[EventType "swiss"]
[EventCountry "GER"]
[SourceTitle "playchess.com"]
[Source "ChessBase"]
[SourceQuality "1"]
[TimeControl "40/5400+30:1800+30"]

1. e4 c6 2. d4 d5 3. Nc3 dxe4 4. Nxe4 Nd7 5. Bc4 Ngf6 6. Ng5 e6 7. Qe2 Qe7 8. N1f3 h6 9. Nh3 Nb6 10. Bb3 Bd7 11. Ne5 O-O-O 12. Nf4 g5 13. Nfd3 Be8 14. c3 Nfd7 15. Bd2 Bg7 16. O-O-O a5 17. f4 a4 18. Bc2 Bxe5 19. Nxe5 Nxe5 20. Qxe5 f6 21. Qe2 a3 22. b3 Nd5 23. f5 e5 24. dxe5 Qc5 25. Qc4 Qf2 26. e6 Qxg2 27. Be4 Qf2 28. Rdf1 Qb6 29. Qd4 Qxd4 30. cxd4 Rh7 31. Ba5 b6 32. Bd2 Nc7 33. Bc3 Nd5 34. Bxd5 Rxd5 35. Rf2 c5 36. dxc5 Rxc5 37. Kd2 Bc6 38. Rc1 Be4 39. Bxf6 Rxc1 40. Kxc1 Rc7+ 41. Kd1 Rc5 42. Rd2 Rxf5 43. e7 Bc6 44. Rc2 Rc5 45. b4 Rxc2 46. Kxc2 Kd7 47. Kb3 Ke6 48. Bg7 h5 49. Bh6 g4 50. Bg5 Kf5 51. Bh4 Kf4 52. Kxa3 Kf3 53. Kb3 Kg2 54. Bg3 h4 55. Bxh4 Kxh2 56. Bf6 g3 57. Be5 Kh3 58. a4 g2 59. Bd4 Kg3 60. Kc3 Kh2 0-1

[Event "Lueneburg Open-B 2019"]
[Site "Lueneburg"]
[Date "2019.08.04"]
[Round "2.10"]
[White "Kasipour Azbari, Seyed Arvin"]
[Black "Schulze, Tim"]
[Result "1-0"]
[ECO "C11"]
[WhiteElo "1765"]
[BlackElo "1481"]
[Annotator "NA"]
[PlyCount "57"]
[EventDate "2019.08.03"]
[EventType "swiss"]
[EventCountry "GER"]
[SourceTitle "playchess.com"]
[Source "ChessBase"]
[SourceQuality "1"]
[TimeControl "40/5400+30:1800+30"]

1. e4 e6 2. d4 d5 3. Nc3 Nf6 4. e5 Nfd7 5. Nf3 c5 6. Bg5 Qb6 7. dxc5 Bxc5 8. Qd2 Nc6 9. O-O-O Be7 10. Bxe7 Nxe7 11. Qg5 Ng6 12. Bd3 Nc5 13. Bxg6 hxg6 14. h4 Rh5 15. Qd2 Bd7 16. g4 Rh8 17. Qg5 Qd8 18. Qf4 Qe7 19. Nd4 a6 20. h5 gxh5 21. gxh5 O-O-O 22. Nb3 Nxb3+ 23. cxb3 f6 24. Kb1 Rdf8 25. Rc1 Bc6 26. Na4 fxe5 27. Qxe5 Rf5 28. Nb6+ Kd8 29. Qb8# 1-0

[Event "Lueneburg Open-B 2019"]
[Site "Lueneburg"]
[Date "2019.08.04"]
[Round "2.11"]
[White "Gerdau, Niklas"]
[Black "Raedisch, Peter"]
[Result "1/2-1/2"]
[ECO "C52"]
[WhiteElo "1704"]
[BlackElo "1595"]
[Annotator "NA"]
[PlyCount "103"]
[EventDate "2019.08.03"]
[EventType "swiss"]
[EventCountry "GER"]
[SourceTitle "playchess.com"]
[Source "ChessBase"]
[SourceQuality "1"]
[TimeControl "40/5400+30:1800+30"]

1. e4 e5 2. Nf3 Nc6 3. Bc4 Bc5 4. b4 Bxb4 5. c3 Ba5 6. d4 Qe7 7. d5 Nd8 8. O-O Bb6 9. Bb5 Nf6 10. Qd3 O-O 11. Ba3 d6 12. Nbd2 a6 13. Ba4 Ba7 14. c4 Nd7 15. Bc2 Nc5 16. Qe2 Bg4 17. h3 Bh5 18. Rab1 Qd7 19. Nb3 Bxf3 20. Qxf3 Nxb3 21. Rxb3 Bd4 22. Rc1 b6 23. Qh5 f6 24. Rg3 Qf7 25. Qf5 Kh8 26. Ba4 g6 27. Qf3 f5 28. Bc2 fxe4 29. Bxe4 Qxf3 30. Rxf3 Nb7 31. Rc2 Nc5 32. Rxf8+ Rxf8 33. Bf3 Nd3 34. Rd2 Nc5 35. Bc1 Kg7 36. Kf1 h5 37. Re2 Nd3 38. Bg5 Nf4 39. Bxf4 Rxf4 40. Re4 h4 41. Ke2 g5 42. Rxf4 exf4 43. Kd3 Bxf2 44. a4 Kf6 45. Ke4 Bc5 46. Bg4 Ba3 47. Bf3 Bb2 48. Bg4 Ke7 49. Bf5 Kf6 50. Bg4 Bc1 51. Bf3 c6 52. dxc6 1/2-1/2

[Event "Lueneburg Open-B 2019"]
[Site "Lueneburg"]
[Date "2019.08.04"]
[Round "2.12"]
[White "Geissler, Karl-Heinz"]
[Black "Ramme, Georg"]
[Result "0-1"]
[ECO "D04"]
[WhiteElo "1581"]
[BlackElo "1660"]
[Annotator "NA"]
[PlyCount "116"]
[EventDate "2019.08.03"]
[EventType "swiss"]
[EventCountry "GER"]
[SourceTitle "playchess.com"]
[Source "ChessBase"]
[SourceQuality "1"]
[TimeControl "40/5400+30:1800+30"]

1. Nf3 Nf6 2. d4 d5 3. e3 Bg4 4. Be2 Nbd7 5. Nbd2 e6 6. a3 c6 7. O-O Be7 8. c4 O-O 9. cxd5 exd5 10. b4 Rc8 11. Bb2 a6 12. Re1 Re8 13. Nb3 Bd6 14. Qc2 Ne4 15. Nbd2 Bxf3 16. Nxf3 Re6 17. Bd3 f5 18. g3 Qf6 19. Bf1 g5 20. Re2 Rce8 21. Rae1 R8e7 22. Bg2 Rg7 23. Nd2 Nxd2 24. Qxd2 Qg6 25. Qc2 Nf6 26. f3 Rge7 27. Bc1 h6 28. g4 Nxg4 29. fxg4 fxg4 30. Qxg6+ Rxg6 31. e4 Rge6 32. e5 Bc7 33. Rf1 Bb6 34. Be3 Kg7 35. Ref2 Rxe5 36. dxe5 Bxe3 37. Kh1 Bxf2 38. Rxf2 Rxe5 39. Bf1 Re1 40. Kg2 Ra1 41. Kg3 h5 42. Kg2 Rxa3 43. Re2 Kf7 44. Rf2+ Rf3 45. Re2 Rf4 46. Rb2 Kf6 47. Bd3 Rd4 48. Bh7 Rc4 49. Bd3 Rc3 50. Bh7 d4 51. Rd2 Ke5 52. Rf2 Rf3 53. Re2+ Re3 54. Rf2 d3 55. Rf8 h4 56. Rg8 d2 57. Rxg5+ Kd6 58. Rg8 Re2+ 0-1

[Event "Lueneburg Open-B 2019"]
[Site "Lueneburg"]
[Date "2019.08.04"]
[Round "2.13"]
[White "Rennkamp, David"]
[Black "Krause, Holger"]
[Result "0-1"]
[ECO "C42"]
[WhiteElo "1355"]
[BlackElo "1639"]
[Annotator "NA"]
[PlyCount "76"]
[EventDate "2019.08.03"]
[EventType "swiss"]
[EventCountry "GER"]
[SourceTitle "playchess.com"]
[Source "ChessBase"]
[SourceQuality "1"]
[TimeControl "40/5400+30:1800+30"]

1. e4 e5 2. Nf3 Nf6 3. Nc3 Bb4 4. d3 d5 5. exd5 Nxd5 6. Bd2 Nc6 7. Nxd5 Bxd2+ 8. Qxd2 Qxd5 9. Be2 O-O 10. O-O Re8 11. Rfe1 Bd7 12. Qe3 Rad8 13. Qe4 Qxe4 14. dxe4 Bg4 15. h3 Bh5 16. g4 Bg6 17. Bb5 f6 18. Bxc6 bxc6 19. c3 Rd3 20. Kg2 Red8 21. Re2 Bf7 22. Ne1 R3d6 23. b3 Kf8 24. Nc2 Bg6 25. f3 Rd2 26. Kf2 a5 27. Rae1 R2d6 28. Na3 Bf7 29. Nc2 Ra8 30. Ke3 a4 31. c4 axb3 32. axb3 Rad8 33. Kf2 Rd3 34. Re3 Rd2+ 35. R1e2 Rd1 36. Nb4 Be8 37. Rb2 Rh1 38. Re1 Rh2+ 0-1

[Event "Lueneburg Open-B 2019"]
[Site "Lueneburg"]
[Date "2019.08.04"]
[Round "2.14"]
[White "Vogel, Elisabeth"]
[Black "Thomas, Jeremy"]
[Result "0-1"]
[ECO "B90"]
[WhiteElo "1277"]
[BlackElo "1717"]
[Annotator "NA"]
[PlyCount "62"]
[EventDate "2019.08.03"]
[EventType "swiss"]
[EventCountry "GER"]
[SourceTitle "playchess.com"]
[Source "ChessBase"]
[SourceQuality "1"]
[TimeControl "40/5400+30:1800+30"]

1. e4 c5 2. Nf3 d6 3. d4 cxd4 4. Nxd4 Nf6 5. Nc3 a6 6. f3 e5 7. Nb3 Be6 8. Be3 Be7 9. Qd2 b5 10. O-O-O Nbd7 11. Kb1 Nb6 12. g4 b4 13. Bxb6 Qxb6 14. Nd5 Nxd5 15. exd5 Bd7 16. h4 a5 17. Bd3 a4 18. Nc1 a3 19. Bc4 axb2 20. Kxb2 Ra3 21. Bb3 Ba4 22. Rh2 O-O 23. Qe1 Rc8 24. Rd3 Bxb3 25. cxb3 Ra5 26. Kb1 Rac5 27. Rd1 Rc3 28. Qh1 Qe3 29. Re1 Qxf3 30. Qxf3 Rxf3 31. g5 Rfc3 0-1

[Event "Lueneburg Open-B 2019"]
[Site "Lueneburg"]
[Date "2019.08.04"]
[Round "2.15"]
[White "Mi, Gufeng"]
[Black "Schulze, Lukas"]
[Result "0-1"]
[ECO "D00"]
[WhiteElo "1564"]
[BlackElo "1724"]
[Annotator "NA"]
[PlyCount "21"]
[EventDate "2019.08.03"]
[EventType "swiss"]
[EventCountry "GER"]
[SourceTitle "playchess.com"]
[Source "ChessBase"]
[SourceQuality "1"]
[TimeControl "40/5400+30:1800+30"]

1. d4 Nf6 2. Bf4 c5 3. e3 d5 4. c3 g6 5. h3 Qb6 6. Qc2 Bf5 7. Qc1 Nc6 8. Nd2 Rc8 9. Ngf3 Bg7 10. g4 Be6 11. Nb3 0-1

[Event "Lueneburg Open-B 2019"]
[Site "Lueneburg"]
[Date "2019.08.04"]
[Round "2.16"]
[White "Ahrens, Gunnar"]
[Black "Hotz, Herbert"]
[Result "1-0"]
[ECO "A05"]
[WhiteElo "1764"]
[BlackElo "1547"]
[Annotator "NA"]
[PlyCount "43"]
[EventDate "2019.08.03"]
[EventType "swiss"]
[EventCountry "GER"]
[SourceTitle "playchess.com"]
[Source "ChessBase"]
[SourceQuality "1"]
[TimeControl "40/5400+30:1800+30"]

1. a3 Nf6 2. Nf3 g6 3. c4 Bg7 4. Nc3 O-O 5. d4 d6 6. e3 c5 7. Be2 cxd4 8. Nxd4 Nc6 9. O-O Qd7 10. h3 b6 11. Nxc6 Qxc6 12. Bf3 d5 13. Nxd5 Qc5 14. Nxf6+ Bxf6 15. Bxa8 Bxh3 16. Qd5 Be6 17. Qxc5 bxc5 18. Bd5 Bd7 19. a4 Rb8 20. Rd1 e6 21. Bf3 Rb4 22. Rxd7 1-0

[Event "Lueneburg Open-B 2019"]
[Site "Lueneburg"]
[Date "2019.08.04"]
[Round "2.17"]
[White "Levink, Clemens"]
[Black "Rothenberg, Anke"]
[Result "1/2-1/2"]
[ECO "B12"]
[WhiteElo "1719"]
[BlackElo "1467"]
[Annotator "NA"]
[PlyCount "41"]
[EventDate "2019.08.03"]
[EventType "swiss"]
[EventCountry "GER"]
[SourceTitle "playchess.com"]
[Source "ChessBase"]
[SourceQuality "1"]
[TimeControl "40/5400+30:1800+30"]

1. e4 c6 2. d4 d5 3. f3 e6 4. Nc3 Bb4 5. Nge2 dxe4 6. fxe4 Qh4+ 7. Ng3 Bxc3+ 8. bxc3 Ne7 9. Bd3 Ng6 10. O-O b6 11. e5 Ba6 12. Bxa6 Nxa6 13. Qf3 O-O 14. Ne4 Qe7 15. Qe2 Nb8 16. a4 c5 17. Ba3 Nd7 18. Rf2 Rac8 19. Raf1 Rc7 20. Qh5 Qh4 21. Bc1 1/2-1/2

[Event "Lueneburg Open-B 2019"]
[Site "Lueneburg"]
[Date "2019.08.04"]
[Round "2.18"]
[White "Martinez Martin, David"]
[Black "Cordsen, Heinrich"]
[Result "1/2-1/2"]
[ECO "C07"]
[WhiteElo "2388"]
[BlackElo "1685"]
[Annotator "ChessBase"]
[PlyCount "63"]
[EventDate "2019.08.03"]
[EventType "swiss"]
[EventCountry "GER"]
[SourceTitle "playchess.com"]
[Source "ChessBase"]
[SourceQuality "1"]
[TimeControl "40/5400+30:1800+30"]

1. e4 e6 2. d4 d5 3. Nc3 Nf6 4. e5 Nfd7 5. Nf3 c5 6. Ne2 cxd4 7. Nexd4 Nc6 8. c3 Ndxe5 9. Be3 Bd7 10. Be2 a6 11. a4 Bd6 12. a5 O-O 13. h3 Nxa5 14. O-O Nac4 15. Bc1 Rc8 16. Re1 Nxf3+ 17. Nxf3 Bb8 18. Bd3 h6 19. Ng5 g6 20. Nf3 Kg7 21. b3 Nd6 22. Qd2 Rh8 23. c4 dxc4 24. Bxg6 Kxg6 25. Ne5+ Kg7 26. Qd4 Kh7 27. bxc4 Rxc4 28. Nxc4 Nxc4 29. Qxc4 Qf6 30. Qd3+ Kg7 31. Rb1 Bb5 32. Qd1 1/2-1/2

[Event "Lueneburg Open-B 2019"]
[Site "Lueneburg"]
[Date "2019.08.04"]
[Round "2.19"]
[White "Schencke, Guenther"]
[Black "Buchinger, Alexis"]
[Result "1-0"]
[ECO "D35"]
[WhiteElo "1668"]
[BlackElo "1346"]
[Annotator "NA"]
[PlyCount "95"]
[EventDate "2019.08.03"]
[EventType "swiss"]
[EventCountry "GER"]
[SourceTitle "playchess.com"]
[Source "ChessBase"]
[SourceQuality "1"]
[TimeControl "40/5400+30:1800+30"]

1. d4 d5 2. c4 Nf6 3. Nc3 e6 4. cxd5 exd5 5. Bg5 Be6 6. e3 h6 7. Bh4 Nc6 8. Bd3 Be7 9. Rc1 Nd7 10. Bg3 a6 11. Nge2 Nb6 12. O-O O-O 13. Na4 Nxa4 14. Qxa4 Bd6 15. Bxd6 Qxd6 16. Rc3 Rfe8 17. Qb3 Rab8 18. Qc2 Nb4 19. Qb1 Nxd3 20. Qxd3 Bg4 21. Rfc1 Bxe2 22. Qxe2 Re7 23. Qc2 c6 24. Qb3 Rc7 25. Qb6 Rd8 26. a4 Rdd7 27. b4 Kh7 28. Qa5 b5 29. Rc5 Ra7 30. Rxc6 Qb8 31. Rxa6 Rxa6 32. Qxa6 bxa4 33. Qxa4 Rc7 34. Rxc7 Qxc7 35. h3 Qc1+ 36. Kh2 Qe1 37. Kg3 h5 38. Qb3 h4+ 39. Kf3 g5 40. b5 f5 41. Qd3 Kh6 42. b6 Qa1 43. b7 Qa7 44. Qb3 Qb8 45. Qxd5 Kh5 46. Qxf5 Qxb7+ 47. Qe4 Qb3 48. Qh7# 1-0

[Event "Lueneburg Open-B 2019"]
[Site "Lueneburg"]
[Date "2019.08.04"]
[Round "2.21"]
[White "Stolzenwald, Karl-Heinz"]
[Black "Krueger, Dietrich"]
[Result "1-0"]
[ECO "A00"]
[WhiteElo "1600"]
[BlackElo "1243"]
[Annotator "NA"]
[PlyCount "57"]
[EventDate "2019.08.03"]
[EventType "swiss"]
[EventCountry "GER"]
[SourceTitle "playchess.com"]
[Source "ChessBase"]
[SourceQuality "1"]
[TimeControl "40/5400+30:1800+30"]

1. b4 d5 2. Bb2 Bf5 3. Nf3 e6 4. e3 f6 5. b5 Bc5 6. Nh4 Bg6 7. Qg4 Qe7 8. Nxg6 hxg6 9. Qxg6+ Kd7 10. a4 c6 11. Na3 a6 12. c4 Nh6 13. Qc2 Bd6 14. Be2 Nf5 15. h3 c5 16. cxd5 exd5 17. Qxf5+ Kc7 18. Qxd5 Nd7 19. Bf3 Rhb8 20. Bc3 Kc8 21. O-O Nb6 22. Qf5+ Kc7 23. Ba5 Be5 24. Nc4 Kd8 25. Bxb6+ Ke8 26. Bh5+ g6 27. Nxe5 fxe5 28. Bxg6+ Qf7 29. Qxf7# 1-0

[Event "Lueneburg Open-B 2019"]
[Site "Lueneburg"]
[Date "2019.08.05"]
[Round "3.1"]
[White "Fomenkov, Alexander"]
[Black "Suliga, Eckhard"]
[Result "1-0"]
[ECO "C08"]
[WhiteElo "1779"]
[BlackElo "1682"]
[Annotator "NA"]
[PlyCount "119"]
[EventDate "2019.08.03"]
[EventType "swiss"]
[EventCountry "GER"]
[SourceTitle "playchess.com"]
[Source "ChessBase"]
[SourceQuality "1"]
[TimeControl "40/5400+30:1800+30"]

1. e4 e6 2. d4 d5 3. Nd2 c5 4. exd5 exd5 5. Bb5+ Nc6 6. dxc5 Bxc5 7. Nb3 Bd6 8. Nf3 Nge7 9. O-O O-O 10. c3 Qc7 11. h3 Bf5 12. Bd3 Bxd3 13. Qxd3 Ne5 14. Nxe5 Bxe5 15. Re1 Rfe8 16. Be3 a6 17. Bg5 Rad8 18. Nd4 Bxd4 19. Qxd4 f6 20. Bf4 Qc4 21. Qb6 Qc6 22. Re6 Qxb6 23. Rxb6 Rd7 24. Re1 Kf7 25. Rbe6 Red8 26. Bd6 Nc6 27. Bg3 d4 28. cxd4 Rxd4 29. a3 Rd1 30. R6e3 Rxe1+ 31. Rxe1 Rd2 32. b4 Nd4 33. Re3 Ne2+ 34. Kh2 Nxg3 35. Kxg3 f5 36. Rc3 Rd7 37. Kf4 Kf6 38. Rc8 g6 39. Rf8+ Kg7 40. Rc8 Kf6 41. Rf8+ Kg7 42. Rb8 Kf6 43. h4 h6 44. Rf8+ Kg7 45. Rb8 Kf6 46. Ke3 g5 47. Rf8+ Kg7 48. Rxf5 Kg6 49. Rf8 Rc7 50. hxg5 hxg5 51. Kd4 Rc2 52. a4 b5 53. a5 Rc4+ 54. Ke5 Rxb4 55. Ra8 Ra4 56. Rxa6+ Kh5 57. Ra8 Kg4 58. a6 Ra3 59. a7 b4 60. Kd4 1-0

[Event "Lueneburg Open-B 2019"]
[Site "Lueneburg"]
[Date "2019.08.05"]
[Round "3.2"]
[White "Groth, Matthias"]
[Black "Seeber, Helmut"]
[Result "1-0"]
[ECO "D66"]
[WhiteElo "1737"]
[BlackElo "1580"]
[Annotator "NA"]
[PlyCount "49"]
[EventDate "2019.08.03"]
[EventType "swiss"]
[EventCountry "GER"]
[SourceTitle "playchess.com"]
[Source "ChessBase"]
[SourceQuality "1"]
[TimeControl "40/5400+30:1800+30"]

1. d4 d5 2. c4 e6 3. Nc3 Nf6 4. Nf3 c6 5. Bg5 Be7 6. e3 O-O 7. Bd3 Nbd7 8. O-O h6 9. Bh4 Re8 10. Rc1 Nf8 11. Ne5 dxc4 12. Bxc4 Qb6 13. Bb3 Bd7 14. Qf3 Rac8 15. Ne4 Qd8 16. Bxf6 gxf6 17. Qg3+ Ng6 18. Nxg6 fxg6 19. Qxg6+ Kf8 20. Qxh6+ Kf7 21. Qh7+ Kf8 22. Bd1 e5 23. Bh5 Be6 24. Qh8+ Bg8 25. Qh6# 1-0

[Event "Lueneburg Open-B 2019"]
[Site "Lueneburg"]
[Date "2019.08.05"]
[Round "3.3"]
[White "Domschke, Stephan"]
[Black "Wiese, Uwe"]
[Result "0-1"]
[ECO "A83"]
[WhiteElo "1671"]
[BlackElo "1737"]
[Annotator "NA"]
[PlyCount "38"]
[EventDate "2019.08.03"]
[EventType "swiss"]
[EventCountry "GER"]
[SourceTitle "playchess.com"]
[Source "ChessBase"]
[SourceQuality "1"]
[TimeControl "40/5400+30:1800+30"]

1. d4 f5 2. e4 fxe4 3. Nc3 Nf6 4. Bg5 c6 5. f3 Qb6 6. Qd2 d5 7. Bxf6 gxf6 8. fxe4 dxe4 9. O-O-O h5 10. Kb1 Bg4 11. Re1 Bh6 12. Qf2 e3 13. Qg3 Qxd4 14. h3 Bf5 15. Nge2 Qd2 16. Rd1 Bxc2+ 17. Ka1 Bxd1 18. Qg6+ Kf8 19. Ne4 Bc2 0-1

[Event "Lueneburg Open-B 2019"]
[Site "Lueneburg"]
[Date "2019.08.05"]
[Round "3.4"]
[White "Jessen, Bjarne"]
[Black "Neumann, Lutz"]
[Result "1/2-1/2"]
[ECO "A14"]
[WhiteElo "1569"]
[BlackElo "1784"]
[Annotator "NA"]
[PlyCount "24"]
[EventDate "2019.08.03"]
[EventType "swiss"]
[EventCountry "GER"]
[SourceTitle "playchess.com"]
[Source "ChessBase"]
[SourceQuality "1"]
[TimeControl "40/5400+30:1800+30"]

1. c4 Nf6 2. g3 e6 3. Bg2 d5 4. Nf3 c6 5. b3 Be7 6. O-O O-O 7. Bb2 Nbd7 8. d3 Qc7 9. Nc3 dxc4 10. dxc4 Ne5 11. Qc2 Nxf3+ 12. Bxf3 Rd8 1/2-1/2

[Event "Lueneburg Open-B 2019"]
[Site "Lueneburg"]
[Date "2019.08.05"]
[Round "3.5"]
[White "Buetow, Ingo"]
[Black "Ramme, Georg"]
[Result "0-1"]
[ECO "B43"]
[WhiteElo "1747"]
[BlackElo "1660"]
[Annotator "NA"]
[PlyCount "116"]
[EventDate "2019.08.03"]
[EventType "swiss"]
[EventCountry "GER"]
[SourceTitle "playchess.com"]
[Source "ChessBase"]
[SourceQuality "1"]
[TimeControl "40/5400+30:1800+30"]

1. e4 c5 2. Nf3 e6 3. d4 cxd4 4. Nxd4 a6 5. Nc3 Qc7 6. Be3 Nf6 7. f3 Bb4 8. Qd2 d5 9. exd5 Nxd5 10. Nde2 Nxe3 11. Qxe3 Nc6 12. O-O-O O-O 13. Ng3 Qe5 14. Qxe5 Nxe5 15. Bd3 Bd7 16. Rhe1 Nxd3+ 17. Rxd3 Bc6 18. Red1 Ba5 19. Nge2 Rfd8 20. Nd4 Be8 21. Nb3 Bc7 22. Rxd8 Rxd8 23. Rxd8 Bxd8 24. Kd2 Bc7 25. h3 Kf8 26. Kd3 Ke7 27. Kc4 b6 28. Nd4 f5 29. Kd3 Be5 30. Nce2 g5 31. g4 Bd7 32. c4 Kd6 33. b4 Bc8 34. Nc3 Bxd4 35. Kxd4 Bb7 36. Ke3 Ke5 37. Ne2 f4+ 38. Kf2 Bc6 39. a3 Ba4 40. Nc3 Bb3 41. Ne4 h6 42. c5 bxc5 43. Nxc5 Bc4 44. Nd7+ Kd4 45. a4 e5 46. Nb6 Bd3 47. Nd7 Bc2 48. b5 Bxa4 49. b6 Bc6 50. Nb8 Bb7 51. Nd7 a5 52. Ke2 a4 53. Nf6 a3 54. Ne4 a2 55. Nd2 Kc3 56. Ne4+ Kb2 57. Nc5 Bc6 58. b7 Bxb7 0-1